 Dungeon Crawl Stone Soup version 0.31-b1-22-gc680215f68 (webtiles) character file.

Game seed: 14660089023276936885

916 DemonSlayer the Digger (level 7, -1/5 HPs)
             Began as a Demonspawn Earth Elementalist on Jan 18, 2024.
             Slain by a white imp (5 damage)
             ... on level 4 of the Dungeon.
             The game lasted 00:13:38 (4632 turns).

DemonSlayer the Digger (DsEE)                       Turns: 4632, Time: 00:13:39

HP:   -1/5 (5)      AC:  2    Str: 13    XL:     7   Next: 83%
MP:   9/13          EV: 12    Int: 16    God:
Gold: 210           SH:  0    Dex: 15    Spells: 8/15 levels left

rFire   . . .        n - melded +6 spear of a sewer {flame, Will+++ rCorr Dex-5 SInv}
rCold   . . .        (shield currently unavailable)
rNeg    . . .        a - melded +0 robe
rPois   +            (helmet currently unavailable)
rElec   .            w - melded +1 cloak
rCorr   .            (gloves currently unavailable)
SInv    .            c - melded +0 pair of boots
Will    .....        (no amulet)
Stlth   ++           (no ring)
HPRegen 0.20/turn    (no ring)
MPRegen 0.13/turn

%: no passive effects
@: snake-form, very slightly contaminated, slowed, drained, very slow
A: constrict, reduced hp, large, repulsion field 1, foul stench 2, (cold
vulnerability 1)
a: Begin Untransformation


You were on level 4 of the Dungeon.
You were an enormous serpent.
You visited 1 branch of the dungeon, and saw 4 of its levels.
You also visited: Sewer.

You collected 210 gold pieces.

Inventory:

Hand Weapons
 d - a +0 dagger
 n - the +6 spear of a sewer (melded) {flame, Will+++ rCorr Dex-5 SInv}
   (You found it on level 2 of the Dungeon)

   Dex-5:     It affects your dexterity (-5).
   Will+++:   It greatly increases your willpower.
   SInv:      It lets you see invisible.
   rCorr:     It protects you from acid and corrosion.
 q - a +0 rapier
Armour
 a - a +0 robe (melded)
 c - a +0 pair of boots (melded)
 w - a +1 cloak (melded)
 x - a +3 leather armour of cold resistance
Jewellery
 u - a ring of positive energy
Talismans
 g - a beast talisman
 s - a serpent talisman (active)
Wands
 o - a wand of quicksilver (8)
 t - a wand of flame (18)
Scrolls
 h - 3 scrolls of fear
 i - a scroll of teleportation
 l - a scroll of amnesia
 v - a scroll of immolation
Potions
 b - a potion of magic
 e - a potion of lignification
 j - a potion of enlightenment
 k - a potion of brilliance
 r - a potion of curing


   Skills:
 + Level 1.7 Fighting
 + Level 1.1 Short Blades
 + Level 2.9 Polearms
 + Level 3.0 Dodging
 + Level 3.7 Stealth
 + Level 4.5 Spellcasting
 + Level 1.3 Conjurations
 + Level 4.7 Earth Magic
 + Level 1.0 Evocations


You had 8 spell levels left.
You knew the following spells:

 Your Spells              Type           Power      Damage    Failure   Level
a - Sandblast             Erth           36%        2d10      2%          1
b - Stone Arrow           Conj/Erth      26%        3d8       14%         3
c - Passwall              Erth           18%        N/A       7%          3

Your spell library contained the following spells:

 Spells                   Type           Power      Damage    Failure   Level
 Brom's Barrelling Bould  Conj/Erth      13%        2d4       41%         4
 Volatile Blastmotes      Fire/Tloc      6%         2d10      43%         3
 Petrify                  Alch/Erth      11%        N/A       52%         4
 Fulminant Prism          Conj/Alch      2%         3d5       77%         4
 Iskenderun's Mystic Bla  Conj/Tloc      5%         2d3       77%         4
 Manifold Assault         Tloc           3%         N/A       85%         4
 Dispersal                Tloc           1%         N/A       100%        6
 Disjunction              Tloc           1%         N/A       100%        8


Dungeon Overview and Level Annotations

Branches:
Dungeon (4/15)              Sewer (visited)
 Temple: D:4-7

Altars:

Shops:
D:1 *   D:4 *

Annotations:
D:4 Natasha


Innate Abilities, Weirdness & Mutations

You are an enormous serpent.
You have a powerful constriction melee attack.
Your maximum health is decreased, since you lack skill for your form.
Your armour is entirely melded.
You are incapable of wielding weapons or throwing items.
You are surrounded by a mild repulsion field. (EV +2)
You sometimes emit foul miasma when damaged in melee.
((You are vulnerable to cold. (rC-)))


Message History

You are very lightly contaminated with residual magic.
Nothing appears to happen.
The cerulean imp closely misses you. The white imp barely misses you.
Natasha casts a spell.
Unknown command.
There are monsters nearby!
The cerulean imp hits you from afar with a +2 spear.
The white imp gestures at you. The puff of frost hits you!
You feel a terrible chill!
* * * LOW HITPOINT WARNING * * *
Natasha completely misses you.
You begin transforming.
You continue transforming.
The cerulean imp barely misses you. The white imp barely misses you.
The cerulean imp barely misses you. Natasha closely misses you.
You continue transforming.
The cerulean imp hits you from afar with a +2 spear.
* * * LOW HITPOINT WARNING * * *
The white imp barely misses you.
The cerulean imp hits you but does no damage.
Natasha howls an incantation.
You feel disoriented. Natasha closely misses you.
You continue transforming.
The cerulean imp completely misses you.
The white imp hits you but does no damage.
The cerulean imp closely misses you. Natasha closely misses you.
You turn into an enormous serpent.
The +6 spear of a sewer {flame, Will+++ rCorr Dex-5 SInv} melds into your body.
Your +1 cloak melds into your body.
Your +0 pair of boots melds into your body.
Your +0 robe melds into your body.
The +6 spear of a sewer {flame, Will+++ rCorr Dex-5 SInv} stops flaming.
HP restored.
You hit the white imp but do no damage. You grab the white imp.
The white imp is severely wounded.
You constrict the white imp.
The cerulean imp hits you but does no damage.
The white imp hits you. The white imp freezes you.
You feel yourself slow down.
Ouch! That really hurt!
You die...

.......................
..............#........
...........>.....###..#
..........##.........#
#.......##..##...)...
###............#.......
#....5.5...<.........[#
#....h.$....#.........#
##...5S...#.##....#..##
#...........[..#.....##
#...........#..........#
##...............)....##
##.......#........####
##.##...##......## #.
##.####..#### ## ###
##.# ###


You could see Natasha, 2 cerulean imps and a white imp.

Vanquished Creatures
  Sigmund (D:4)
  Edmund (D:4)
  A centaur (D:4)
  2 bullfrogs (Sewer)
  A scorpion (D:4)
  Crazy Yiuf (D:3)
  A jelly (D:4)
  Ijyb (D:3)
  Robin (D:2)
  14 adders
  A ribbon worm (D:3)
  12 dart slugs
  10 ball pythons
  8 bats
  8 endoplasms
  15 giant cockroaches
  12 goblins
  7 hobgoblins
  3 jackals (D:1)
  2 kobolds
  A quokka (D:1)
  14 frilled lizards
  4 rats
121 creatures vanquished.

Notes
Turn   | Place    | Note
-------+----------+-------------------------------------------
     0 | D:1      | DemonSlayer the Demonspawn Earth Elementalist began the
                  | quest for the Orb.
     0 | D:1      | Reached XP level 1. HP: 13/13 MP: 3/3
   132 | D:1      | Found Eruppug's General Store.
   144 | D:1      | Gained mutation: You are surrounded by a mild repulsion
                  | field. (EV +2) [demonic ancestry]
   144 | D:1      | Reached XP level 2. HP: 6/19 MP: 0/5
   435 | D:1      | Found a faded altar of an unknown god.
  1437 | D:2      | Reached XP level 3. HP: 24/24 MP: 4/6
  1625 | D:2      | Noticed Robin
  1658 | D:2      | Killed Robin
  1859 | D:2      | Identified the +6 spear of a sewer {flame, Will+++ rCorr
                  | Dex-5 SInv}
  2067 | D:2      | Learned a level 3 spell: Stone Arrow
  2071 | D:2      | Learned a level 3 spell: Passwall
  2122 | D:3      | Reached XP level 4. HP: 31/31 MP: 8/8
  2277 | D:3      | Noticed Ijyb
  2280 | D:3      | Killed Ijyb
  2332 | D:3      | Found a runed translucent door.
  2333 | D:3      | Noticed Crazy Yiuf
  2868 | D:3      | Killed Crazy Yiuf
  2869 | D:3      | Reached skill level 1 in Short Blades
  2869 | D:3      | Gained mutation: You may rarely emit foul miasma when
                  | damaged in melee. [demonic ancestry]
  2869 | D:3      | Reached XP level 5. HP: 7/36 MP: 1/9
  3020 | D:4      | Noticed Sigmund
  3026 | D:4      | Killed Sigmund
  3027 | D:4      | Reached skill level 1 in Fighting
  3027 | D:4      | Reached skill level 1 in Polearms
  3027 | D:4      | Reached skill level 1 in Evocations
  3027 | D:4      | Reached XP level 6. HP: 43/43 MP: 7/11
  3059 | D:4      | Found a glowing drain.
  3072 | Sewer    | Entered a sewer
  3504 | Sewer    | Gained mutation: You sometimes emit foul miasma when
                  | damaged in melee. [demonic ancestry]
  3504 | Sewer    | Reached XP level 7. HP: 36/48 MP: 6/13
  3638 | D:4      | Found Iklent Legut's Lightly-Used Armoury.
  3647 | D:4      | Noticed Edmund
  3668 | D:4      | Noticed Natasha
  3832 | D:4      | Gained mutation: You are vulnerable to cold. (rC-) [potion
                  | of mutation]
  3833 | D:4      | HP: 1/40 [Edmund/+2 flail of draining (6)]
  3837 | D:4      | Killed Edmund
  4632 | D:4      | Slain by a white imp

Illustrated notes

Levels and vault maps discovered:
D:1:      lemuel_arrival_tunnels, layout_loops_corners, serial_shops,
          shop_statue, hellmonk_ecumenical_altar_run_dry, minmay_tall_x
D:2:      layout_basic, chequers_serial_rivers_micro_a, uniq_robin
D:3:      layout_basic, hangedman_decor_push, kennysheep_generic_room_7,
          uniq_ijyb, uniq_crazy_yiuf_cottage
D:4:      layout_cave_pools, nicolae_overflow_crystal_walls,
          mainiacjoe_sewer_entry_somewhere_in_here_2, enter_ossuary_1,
          minmay_shop_damaged, uniq_natasha, uniq_sigmund, uniq_edmund,
          uniq_menkaure

Skill      XL: |  1  2  3  4  5  6  7 |
---------------+----------------------+-----
Earth Magic    | 3 4 |  4.7
Stealth        | 2 3 |  3.7
Short Blades   | 1 |  1.1
Spellcasting   | 3 4 |  4.5
Fighting       | 1 |  1.7
Polearms       | 1 2 |  2.9
Dodging        | 2 3 |  3.0
Evocations     | 1 |  1.0
Conjurations   | |  1.3

Action                     |  1- 3 |  4- 6 |  7- 9 || total
---------------------------+-------+-------+-------++-------
  Melee: Unarmed           |     7 |       |     1 ||     8
         Dagger            |    50 |       |       ||    50
         Spear             |     8 |   122 |    27 ||   157
         Constrict         |       |       |     1 ||     1
   Cast: Sandblast         |    40 |    37 |    15 ||    92
         Stone Arrow       |       |     1 |     1 ||     2
  Evoke: Wand              |       |     5 |       ||     5
    Use: Potion            |     1 |       |     6 ||     7
         Scroll            |     4 |     2 |       ||     6
   Stab: Sleeping          |     5 |     5 |       ||    10
         Distracted        |     1 |       |       ||     1
         Invisible         |       |       |     1 ||     1
 Armour: Robe              |    45 |    78 |    37 ||   160
         Skin              |       |       |     2 ||     2
  Dodge: Dodged            |    69 |   123 |    47 ||   239
   Form: Serpent           |       |       |     1 ||     1
